cohdb
Replays
Latest Replays
All Replays
Popular Replays
Top Player Replays
Match Explorer
How It Works
Community
CoH3 Stats
Reddit
Sign in to upload your games and track your stats! →
Sign in with Steam
Match 43402605
Unlisted
Match 43402605
Overview
Messages
Build Orders
End
Construct Infanterie Kompanie
Selects Terror Battlegroup
Selects Machine Gun Camouflage
Kettenkrad Recon Vehicle
MG 42 Machine Gun Team
MG 42 Machine Gun Team
GrW 34 Mortar Team
Grenadier Squad
Construct Luftwaffe Kompanie
Selects Contempt for the Weak
Jäger Squad
Jäger Squad
Construct Panzergrenadier Kompanie
Panzergrenadier Squad
Construct Panzer Kompanie
Selects Propaganda Leaflet Drop
Sturmpanzer IV Brummbär
Propaganda Leaflet Drop
Medical Station
Stoßtruppen Squad
Propaganda Leaflet Drop
Selects V1 Rocket Strike
AI Takeover
SIXMADDOG567
SKS Asunder
lobosolitarlo
BLACK J3W 343
Dragoness
admiral_gnar
We’re the ones who live
L2oGUN
0
0
Comments
sign in to comment!
No comments posted yet!